AoeStats
← Bandolero

Arabia

508691548Analyzed
1v1 RM · 8d ago on Sep 23, 2026· 42m 48s· 2 players
Game mode
Random Map
Map size
Tiny (2 player)
Population
200
Speed
Normal
Resources
Standard
Victory
Conquest
Starting age
Dark Age
Ending age
Imperial Age
RankedLock teamsTeams togetherTeam positionsShared explorationLock speedFull tech treeHidden civsTurbo modeCheats
Victory
Defeat
🇦🇷 Maya · Argentina
1329
+17
🇩🇪 Lithuanians · Germany
1344
-17
Bandolero
0:26 Loom
9:15 Feudal Age
10:22 Double-Bit Axe
14:57 Fletching
21:49 Castle Age
20:22 Gold Mining
21:12 Padded Archer Armor
21:52 Crossbowman
22:29 Bodkin Arrow
28:02 Fervor
28:13 Bow Saw
30:20 Wheelbarrow
29:31 Town Watch
30:16 Stone Mining
31:59 Leather Archer Armor
32:54 Ballistics
37:21 Imperial Age
36:14 Stone Shaft Mining
37:40 Thumb Ring
37:36 Arbalester
39:47 Chemistry
39:22 Conscription
39:50 Bracer
41:28 Hand Cart
42:27 Ring Archer Armor
42:00 Scale Mail Armor
42:11 Forging
FlyDutch1
8:59 Feudal Age
7:14 Loom
9:33 Double-Bit Axe
14:15 Fletching
21:28 Castle Age
19:21 Horse Collar
20:06 Scale Barding Armor
20:47 Bloodlines
22:54 Chain Barding Armor
22:51 Bow Saw
22:43 Husbandry
27:49 Wheelbarrow
30:33 Forging
31:12 Town Watch
33:33 Hand Cart
37:42 Imperial Age
35:51 Gold Mining
36:14 Light Cavalry
39:09 Plate Barding Armor
38:01 Cavalier
39:19 Conscription
42:00 Town Patrol
Connection lost

Rejoining the realm…

Still unreachable

The connection could not be restored.

Session expired

The server has moved on; the page needs a fresh start.